 Dungeon Crawl Stone Soup version 0.28.0 (webtiles) character file.

Game seed: 15645835841603940672

28 horus123 the Magician (level 2, -7/20 HPs)
             Began as a Demigod Fire Elementalist on Feb 18, 2022.
             Killed from afar by Sigmund (9 damage)
             ... with a puff of flame
             ... on level 2 of the Dungeon.
             The game lasted 00:02:41 (1410 turns).

horus123 the Magician (Demigod Fire Elementalist)   Turns: 1410, Time: 00:02:41

Health: -7/20      AC:  2    Str:  9    XL:     2   Next: 78%
Magic:  1/8        EV: 12    Int: 17    God:
Gold:   50         SH:  0    Dex: 14    Spells: 4/7 levels left

rFire   . . .      SeeInvis .   (no weapon)
rCold   . . .      Faith    .   (no shield)
rNeg    . . .      Spirit   .   a - +0 robe
rPois   .          Reflect  .   (no helmet)
rElec   .          Harm     .   (no cloak)
rCorr   .          Rampage  .   (no gloves)
Will    .....                   (no boots)
Stlth   +.........              (no amulet)
HPRegen 0.06/turn               (no ring)
MPRegen 0.11/turn               (no ring)

@: confused
A: high MP 1, forlorn, divine attributes
a: no special abilities


You were on level 2 of the Dungeon.
You visited 1 branch of the dungeon, and saw 2 of its levels.

You collected 50 gold pieces.

Inventory:

Armour
 a - a +0 robe (worn)
Scrolls
 c - a scroll of identify {unknown}
 e - a scroll of magic mapping {unknown}
 f - a scroll of vulnerability {unknown}
Potions
 b - a potion of heal wounds {unknown}
 d - a potion of curing {unknown}


   Skills:
 - Level 1.7 Dodging
 - Level 1.7 Stealth
 - Level 3.0 Spellcasting
 - Level 0.8 Conjurations
 + Level 2.7 Fire Magic


You had 4 spell levels left.
You knew the following spells:

 Your Spells              Type           Power      Damage    Failure   Level
a - Foxfire               Conj/Fire      32%        2x1d5     9%          1
b - Scorch                Fire           22%        2d6       9%          2

Your spell library contained the following spells:

 Spells                   Type           Power      Damage    Failure   Level
 Beastly Appendage        Tmut           4%         N/A       17%         1
 Wereblood                Tmut           2%         N/A       26%         2
 Conjure Flame            Conj/Fire      8%         6-21      26%         3
 Inner Flame              Hex/Fire       7%         N/A       30%         3
 Confusing Touch          Hex            2%         N/A       45%         3
 Spider Form              Tmut/Pois      2%         N/A       45%         3
 Flame Wave               Conj/Fire      8%         2d5       63%         4
 Yara's Violent Unravell  Hex/Tmut       1%         3d3       99%         5
 Enfeeble                 Hex            1%         N/A       100%        7


Dungeon Overview and Level Annotations

Branches:
Dungeon (2/15)

Annotations:
D:2 Sigmund


Innate Abilities, Weirdness & Mutations

You have an increased reservoir of magic. (+10% MP)
You shall have no god before yourself.
Your divine heritage dramatically boosts your attributes as you level up.


Message History

The foxfire hits Sigmund.
Sigmund is moderately wounded.
The foxfire hits Sigmund.
Sigmund is heavily wounded.
Sigmund hits you from afar with a +0 scythe!
Ouch! That really hurt!
Sigmund flickers, as though insubstantial.
Casting: Foxfire (safe; 9% risk of failure)
Press: ? - help, Q - select action, (/) - cycle Dir - look around, f - activate You conjure some foxfire!
Your foxfire dissipates!
The foxfire hits Sigmund but does no damage.
Sigmund is heavily wounded.
Sigmund points at you and mumbles some strange words.
You are confused.
Sigmund barely misses you.
Sigmund points at you and mumbles some strange words.
The magic dart hits you.
* * * LOW HITPOINT WARNING * * *
You're too confused to cast spells.
Unknown command.
Sigmund closely misses you.
You feel less confused. Sigmund barely misses you.
Casting: Foxfire (safe; 9% risk of failure)
Press: ? - help, Q - select action, (/) - cycle Dir - look around, f - activate You conjure some foxfire!
Sigmund barely misses you.
The foxfire hits Sigmund.
Sigmund is heavily wounded.
The foxfire hits Sigmund.
Sigmund is severely wounded.
Your magical contamination has completely faded away.
Sigmund points at you and mumbles some strange words.
The puff of flame misses you. Sigmund casts a spell at you.
You are confused.
Sigmund points at you and mumbles some strange words.
The puff of flame hits you!
You die...

##...... #.......
#..)_(.. #$......
################.......
#.............##.).....
+.....@.......##.......
#..........@...........
#......................
######(................
#.................
#.######..............###
#.......................
#.####.####<#############
#.# ###


You could see Sigmund.

Vanquished Creatures
  A worm (D:2)
  2 endoplasms (D:1)
  3 goblins
  5 hobgoblins (D:1)
  3 kobolds (D:1)
  A quokka (D:2)
  4 ball pythons
  2 bats (D:1)
  A frilled lizard (D:1)
22 creatures vanquished.

Vanquished Creatures (others)
  75 foxfires
  4 plants (D:2)
79 creatures vanquished.

Grand Total: 101 creatures vanquished

Notes
Turn   | Place    | Note
-------+----------+-------------------------------------------
     0 | D:1      | horus123 the Demigod Fire Elementalist began the quest for
                  | the Orb.
     0 | D:1      | Reached XP level 1. HP: 14/14 MP: 5/5
   138 | D:1      | Reached skill level 2 in Spellcasting
   411 | D:1      | Reached XP level 2. HP: 20/20 MP: 5/8
   585 | D:1      | Learned a level 2 spell: Scorch
  1240 | D:2      | Reached skill level 3 in Spellcasting
  1383 | D:2      | Noticed Sigmund
  1410 | D:2      | Killed from afar by Sigmund

Illustrated notes

Levels and vault maps discovered:
D:1:      nicolae_arrival_somewhat_less_tricky_arrival, layout_basic,
          hellmonk_ecumenical_altar_crossroads, minmay_hexomino_f4
D:2:      minmay_razor_zed, layout_basic, basic_altar, serial_bayou_lake_a,
          uniq_sigmund

Skill      XL: |  1  2 |
---------------+-------+-----
Spellcasting   | 2 3 |  3.0
Dodging        | |  1.7
Stealth        | |  1.7
Conjurations   | |  0.8
Fire Magic     | |  2.7

Action                   || total
-------------------------++-------
 Cast: Foxfire           ||    44
Armor: Robe              ||     3
Dodge: Dodged            ||    20
